 Dungeon Crawl Stone Soup version 0.28.0 (console) character file.

Game seed: 6439279124965049581

1593 jejorda2 the Cutter (level 8, 0/43 HPs)
             Began as a Vine Stalker Berserker on Feb 12, 2022.
             Was a Priest of Trog.
             Slain by an orc warrior (9 damage)
             ... on level 6 of the Dungeon.
             The game lasted 00:11:15 (5635 turns).

jejorda2 the Cutter (Vine Stalker Berserker)        Turns: 5635, Time: 00:11:16

Health: 0/43       AC: 10    Str: 23    XL:     8   Next: 93%
Magic:  0/9        EV: 10    Int:  7    God:    Trog [***...]
Gold:   278        SH:  5    Dex: 13    Spells: 7/7 levels left

rFire   . . .      SeeInvis .   a - +0 dagger
rCold   . . .      Faith    .   x - +0 buckler
rNeg    + . .      Spirit   +   m - +0 scale mail
rPois   +          Reflect  .   D - +0 helmet
rElec   .          Harm     .   E - +0 cloak {rPois}
rCorr   .          Rampage  .   (no gloves)
Will    +++..                   g - +0 pair of boots
Stlth   ..........              F - amulet of regeneration
HPRegen 2.74/turn               v - ring of positive energy
MPRegen 0.11/turn               (no ring)

@: strong-willed, on berserk cooldown, regenerating, slowed, very slow
A: fangs 3, regeneration 1, magic shield, antimagic bite, no potion heal 2
a: Renounce Religion, Berserk, Trog's Hand


You were on level 6 of the Dungeon.
You worshipped Trog.
Trog was most pleased with you.
You visited 1 branch of the dungeon, and saw 6 of its levels.

You collected 278 gold pieces.

Inventory:

Hand Weapons
 a - a +0 dagger (weapon)
Missiles
 t - 5 poisoned darts
 z - 56 stones (quivered)
 C - 2 boomerangs
Armour
 g - a +0 pair of boots (worn)
 m - a +0 scale mail (worn)
 x - a +0 buckler (worn)
 D - a +0 helmet (worn)
 E - a +0 cloak of poison resistance (worn)
Jewellery
 i - a ring of ice
 v - a ring of positive energy (left hand)
 F - an amulet of regeneration (around neck)
 H - an amulet of magic regeneration
Wands
 l - a wand of flame (24)
 y - a wand of polymorph (4)
 G - a wand of iceblast (7)
Scrolls
 b - 4 scrolls of identify {unknown}
 c - a scroll of blinking {unknown}
 e - 2 scrolls of noise {unknown}
 f - 2 scrolls of magic mapping {unknown}
 h - a scroll of enchant weapon {unknown}
 k - a scroll of vulnerability {unknown}
 n - 3 scrolls of fog {unknown}
 p - 2 scrolls of fear {unknown}
 s - a scroll of immolation {unknown}
 A - a scroll of teleportation {unknown}
Potions
 d - a potion of haste {unknown}
 j - a potion of mutation {unknown}
 o - 2 potions of heal wounds {unknown}
 q - a potion of flight {unknown}
 r - 3 potions of curing {unknown}
 u - a potion of attraction {unknown}
 w - a potion of ambrosia
 B - a potion of degeneration {unknown}


   Skills:
 + Level 5.2 Fighting
 * Level 7.0 Short Blades
 + Level 4.3 Armour
 - Level 1.5 Dodging
 - Level 4.0 Shields


You had 7 spell levels left.
You didn't know any spells.
Your spell library was empty.

Dungeon Overview and Level Annotations

Branches:
Dungeon (6/15)             Temple (0/1) D:4

Altars:
Cheibriados
Hepliaklqana
Nemelex Xobeh
Uskayaw
Zin

Annotations:
D:5 2 transporters, KrombopulosMichael's ghost, novice FoCA


Innate Abilities, Weirdness & Mutations

You have razor-sharp teeth.
Your natural rate of healing is unusually fast.
When hurt, damage is shared between your health and your magic reserves.
Your bite disrupts and absorbs the magic of your enemies.
Potions cannot restore your health.


Message History

You hit the adder.
The adder is almost dead.
The adder barely misses you.
You hit the adder.
You kill the adder!
Trog accepts your kill.
There's nothing to close nearby.
Okay, then.
The orc warrior throws a boomerang.
The boomerang closely misses you.
The orc warrior throws a boomerang.
The boomerang hits you.
You see here a wand of flame (7).
l - a wand of flame (24) (gained 7 charges)
The orc warrior throws a boomerang.
The boomerang hits you but does no damage.
An orc priest comes into view. It is wielding a +0 short sword.
You hit the orc warrior but do no damage.
You bite the orc warrior, but do no damage.
You block the orc warrior's attack.
You hit the orc warrior but do no damage.
Your bite misses the orc warrior.
The orc warrior hits you with a +0 scimitar!
You hit the orc warrior.
You bite the orc warrior, but do no damage.
The orc warrior is lightly wounded.
The orc warrior hits you with a +0 scimitar!
You barely miss the orc warrior.
The orc warrior is lightly wounded.
The orc priest miscasts a cantrip.
The orc warrior hits you with a +0 scimitar.
Your skin crawls.
You feel strong-willed.
The orc warrior hits you with a +0 scimitar!
You closely miss the orc warrior. Your bite misses the orc warrior.
The orc warrior is lightly wounded.
The orc warrior hits you with a +0 scimitar!
* * * LOW HITPOINT WARNING * * *
You closely miss the orc priest. Your bite misses the orc priest.
The orc priest looks satisfied for a moment.
The orc warrior hits you with a +0 scimitar!
You die...

...o. . ..#.## /
#.#...# .#
#.#<..# ###.###
#.....###......
#............#
#.........#..#
+.....oo.....#
#......@..#.##
#.#...).....#
#.#..!#†#....>..
#.#...#)#######.
#...#.# ##.##.#
.. ..# ....###
##..


You could see an orc warrior and an orc priest.

Vanquished Creatures
  Grinder (D:6)
  2 water moccasins
  A sky beast (D:5)
  2 necrophages (D:5)
  4 ogres
  3 scorpions
  Crazy Yiuf (D:4)
  2 orc priests
  2 centaur skeletons
  Terence (D:2)
  An iguana (D:6)
  3 gnolls (D:5)
  A howler monkey skeleton (D:5)
  6 adders
  3 ufetubi
  An adder skeleton (D:3)
  A dart slug (D:3)
  A worm (D:2)
  9 orcs
  5 bats
  6 endoplasms
  5 giant cockroaches
  11 hobgoblins
  9 jackals
  A quokka (D:4)
  9 ball pythons
  10 goblins
  6 kobolds
  A rat (D:3)
108 creatures vanquished.

Vanquished Creatures (others)
  A fungus (D:1)
  A plant (D:1)
2 creatures vanquished.

Grand Total: 110 creatures vanquished

Notes
Turn   | Place    | Note
-------+----------+-------------------------------------------
     0 | D:1      | jejorda2 the Vine Stalker Berserker began the quest for the
                  | Orb.
     0 | D:1      | Reached XP level 1. HP: 11/11 MP: 2/2
   515 | D:1      | Reached XP level 2. HP: 12/16 MP: 3/3
   551 | D:1      | Reached skill level 3 in Short Blades
  1311 | D:1      | Reached XP level 3. HP: 14/20 MP: 4/4
  1510 | D:1      | Found a faded altar of an unknown god.
  1759 | D:2      | Reached ** piety under Trog
  1971 | D:2      | HP: 1/20 [adder (1)]
  1977 | D:2      | HP: 1/30 [poisoned by an adder]
  2255 | D:2      | Gained mutation: Your natural rate of healing is unusually
                  | fast. [Vine Stalker growth]
  2255 | D:2      | Reached XP level 4. HP: 22/24 MP: 3/5
  2340 | D:2      | Found a hazy altar of Hepliaklqana.
  2387 | D:2      | Noticed Terence
  2393 | D:2      | Killed Terence
  2928 | D:3      | Reached skill level 4 in Short Blades
  2965 | D:3      | Noticed a water moccasin
  2975 | D:3      | Killed a water moccasin
  2976 | D:3      | Reached XP level 5. HP: 28/29 MP: 6/6
  3371 | D:3      | Reached XP level 6. HP: 33/33 MP: 7/7
  3538 | D:3      | Found a hazy altar of Hepliaklqana.
  3850 | D:4      | Found a hide-covered altar of Uskayaw.
  3856 | D:4      | Found a glowing silver altar of Zin.
  4190 | D:4      | Found a staircase to the Ecumenical Temple.
  4352 | D:4      | Found a snail-covered altar of Cheibriados.
  4360 | D:4      | Reached skill level 5 in Short Blades
  4360 | D:4      | Reached skill level 1 in Shields
  4444 | D:4      | Reached XP level 7. HP: 37/37 MP: 6/8
  4538 | D:4      | Found a runed translucent door.
  4539 | D:4      | Noticed Crazy Yiuf
  4684 | D:4      | Killed Crazy Yiuf
  4755 | D:5      | Entered Level 5 of the Dungeon
  4760 | D:5      | Found a transporter.
  4762 | D:5      | Found a transporter.
  4763 | D:5      | Noticed KrombopulosMichael's ghost (novice FoCA)
  4764 | D:5      | Noticed a hornet
  4917 | D:5      | Found a sparkling altar of Nemelex Xobeh.
  5227 | D:5      | Gained mutation: You have razor-sharp teeth. [Vine Stalker
                  | growth]
  5227 | D:5      | Reached XP level 8. HP: 42/42 MP: 7/9
  5241 | D:5      | Reached skill level 6 in Short Blades
  5584 | D:6      | Noticed Grinder
  5606 | D:6      | Reached *** piety under Trog
  5615 | D:6      | Killed Grinder
  5616 | D:6      | Reached skill level 5 in Fighting
  5617 | D:6      | Reached skill level 7 in Short Blades
  5635 | D:6      | Slain by an orc warrior

Illustrated notes

Levels and vault maps discovered:
D:1:      sevenhm_arrival_forest_fort_small_4, layout_loops_cross,
          shapermc_ecumenical_altar_rom_forum
D:2:      layout_rooms, basic_altar, minmay_goblin_kobold_house, uniq_terence
D:3:      layout_basic, lemuel_round_altar, hangedman_decor_push,
          chequers_serial_rivers_micro_e, kennysheep_generic_room_4
D:4:      layout_rooms, lemuel_round_altar, mainiacjoe_overflow_large_starburst,
          minmay_temple_entry_junction, serial_bayou_pond_e, grunt_ministairs_8,
          uniq_crazy_yiuf_cottage
D:5:      layout_basic, nemelex_altar_shiori, gammafunk_ghost_hive
D:6:      layout_loops_cross, nicolae_qazlal_scattered_showers,
          minmay_pentangle, uniq_grinder

Skill      XL: |  1  2  3  4  5  6  7  8 |
---------------+-------------------------+-----
Short Blades   | 3 4 5 7 |  7.0
Fighting       | 3 4 5 |  5.2
Armour         | 2 3 4 |  4.3
Shields        | 1 3 4 |  4.0
Dodging        | |  1.5

Action                   |  1- 3 |  4- 6 |  7- 9 || total
-------------------------+-------+-------+-------++-------
Melee: Short sword       |    17 |       |       ||    17
       Dagger            |   126 |   134 |   155 ||   415
       Bite              |    33 |    31 |    41 ||   105
       Punch             |     1 |     2 |       ||     3
Throw: Stone             |       |     4 |       ||     4
Invok: Berserk           |     1 |     6 |     4 ||    11
       Trog's Hand       |     1 |       |     1 ||     2
Armor: Animal skin       |     9 |       |       ||     9
       Leather armour    |    27 |     2 |       ||    29
       Scale mail        |       |    35 |    45 ||    80
Dodge: Dodged            |    93 |    72 |    66 ||   231
Block: Buckler           |       |     7 |    23 ||    30
